 Dungeon Crawl Stone Soup version 0.20.1-1-g8b1a95d (webtiles) character file.

2107 Meenos the Fighter (level 9, -1/83 HPs)
             Began as a Hill Orc Skald on Nov 14, 2017.
             Was an Initiate of Okawaru.
             Killed from afar by a battlesphere (2 damage)
             ... created by a deep elf mage
             ... on level 7 of the Dungeon on Nov 15, 2017.
             The game lasted 01:35:11 (7210 turns).

Meenos the Fighter (Hill Orc Skald)                 Turns: 7210, Time: 01:35:11

Health: -1/83      AC:  7    Str: 16    XL:     9   Next: 28%
Magic:  19/20      EV: 11    Int: 14    God:    Okawaru [......]
Gold:   211        SH:  0    Dex: 10    Spells: 0/11 levels left

rFire    . . .     SeeInvis .   s - +4 whip (elec)
rCold    . . .     Gourm    +   (no shield)
rNeg     . . .     Faith    .   b - +0 ring mail (curse)
rPois    .         Spirit   .   (no helmet)
rElec    .         Reflect  .   C - scarf {cloud immunity}
rCorr    .         Harm     .   N - +0 pair of gloves
MR       .....                  i - +0 pair of boots
Stlth    +.........             A - amulet of the gourmand
Regen    0.3/turn               R - ring of magical power
MPRegen  0.2/turn               V - ring of stealth

@: infused, singing
A: no striking features
a: Renounce Religion


You were on level 7 of the Dungeon.
You worshipped Okawaru.
Okawaru was noncommittal.
You were very full.

You visited 2 branches of the dungeon, and saw 8 of its levels.
You also visited: Ossuary.

You collected 301 gold pieces.
You spent 90 gold pieces at shops.

Inventory:

Hand Weapons
 s - a +4 whip of electrocution (weapon)
 w - a +3 quarterstaff of chaos
 T - a +0 whip of freezing
Missiles
 l - 187 arrows
 D - 7 curare-tipped needles
 L - 4 silver tomahawks (quivered)
 S - 2 tomahawks of dispersal
Armour
 a - a +0 leather armour
 b - a cursed +0 ring mail (worn)
 i - a +0 pair of boots (worn)
 o - a +0 chain mail
 u - a +0 scale mail
 x - a +0 cloak
 C - a scarf of cloud immunity (worn)
 N - a +0 pair of gloves (worn)
Jewellery
 A - an amulet of the gourmand (around neck)
 R - a ring of magical power (left hand)
 V - a ring of stealth (right hand)
Wands
 r - a wand of lightning (5/15)
Scrolls
 e - a scroll of blinking {unknown}
 f - 4 scrolls of fear
 j - 5 scrolls of recharging
 m - a scroll of remove curse
 p - a scroll of immolation {unknown}
 y - a scroll of magic mapping {unknown}
 E - 7 scrolls of teleportation
 H - a scroll of fog {unknown}
 I - 2 scrolls of amnesia {unknown}
 J - 2 scrolls of noise {unknown}
 Q - 2 scrolls of identify
 U - a scroll of enchant weapon {unknown}
Potions
 h - a potion of haste {unknown}
 k - a potion of berserk rage {unknown}
 n - a potion of mutation {unknown}
 v - 3 potions of lignification
 z - 2 potions of invisibility {unknown}
 F - 3 potions of might
 G - 4 potions of curing
 K - a potion of brilliance {unknown}
 P - a potion of resistance {unknown}
Books
 c - a book of Battle

   Spells                             Type                      Level
   a - Infusion                       Charms                       1
   b - Shroud of Golubria             Charms/Translocation         2
   c - Song of Slaying                Charms                       2
   d - Spectral Weapon                Hexes/Charms                 3
   e - Regeneration                   Charms/Necromancy            3
Comestibles
 d - 3 bread rations
 q - 6 royal jellies
 t - 4 meat rations
 O - 4 fruits


   Skills:
 + Level 9.3 Fighting
   Level 2.6 Axes
 - Level 1.1 Armour
 - Level 1.5 Dodging
 - Level 1.5 Spellcasting
 - Level 1.0 Hexes
 + Level 8.7 Charms
 - Level 1.9 Necromancy


You couldn't memorise any spells.
You knew the following spells:

 Your Spells              Type           Power        Failure   Level  Hunger
a - Infusion              Chrm           ####         1%          1    ##.....
b - Song of Slaying       Chrm           ####....     1%          2    ###....
c - Regeneration          Chrm/Necr      ###.......   16%         3    ####...
d - Spectral Weapon       Hex/Chrm       ##......     19%         3    ####...
e - Shroud of Golubria    Chrm/Tloc      ##........   12%         2    ###....


Dungeon Overview and Level Annotations

Branches:
Dungeon (7/15)             Temple (1/1) D:7

Altars:
Ashenzari
Cheibriados
Dithmenos
Elyvilon
Fedhas
Gozag
Hepliaklqana
Kikubaaqudgha
Makhleb
Nemelex Xobeh
Okawaru
Qazlal
Sif Muna
Trog
Uskayaw
Xom
Yredelemnul
Zin
The Shining One

Shops:
D:5 [   D:6 *   D:7 =


Message History

The deep elf mage gestures wildly while chanting.
The deep elf mage blinks!
You hit the earth elemental but do no damage.
The earth elemental is moderately damaged.
The deep elf mage closely misses you. The earth elemental barely misses you.
You barely miss the earth elemental.
The earth elemental is moderately damaged.
The deep elf mage hits you but does no damage.
The deep elf mage points at you and mumbles some strange words.
The bolt of magma hits the earth elemental.
The earth elemental partially resists.
The bolt of magma hits you!
* * * LOW HITPOINT WARNING * * *
The earth elemental hits you!!
* * * LOW HITPOINT WARNING * * *
You feel better. The deep elf mage casts a spell at you.
The magic dart hits you!
* * * LOW HITPOINT WARNING * * *
The battlesphere fires!
The barrage of energy hits you!
You die...

##### #####...#
#####.*@#...##
#...#.eEEe8..####
#...#.E.#........
#...#####...#####
#.........###
#.........#
#.........#
#.##......# #.#
#.##......# #.#


You could see 3 earth elementals, 2 deep elf magi and a battlesphere.

Vanquished Creatures
  The ghost of Frank the Slasher, an amateur OpFi (D:4)
  A water moccasin (D:6)
  An ogre (D:6)
  A centaur (D:7)
  A bullfrog (D:7)
  11 scorpions
  A howler monkey (D:5)
  4 crimson imps
  4 hounds
  A centaur zombie (Ossuary)
  A human zombie (Ossuary)
  A bullfrog zombie (D:5)
  5 orc priests
  Crazy Yiuf (D:2)
  A centaur skeleton (D:6)
  6 worker ants
  A big kobold zombie (Ossuary)
  3 mummies (Ossuary)
  4 gnolls
  8 adders
  An ooze (D:1)
  An adder skeleton (D:5)
  4 worms
  2 dart slugs (D:1)
  4 leopard geckos
  24 orcs
  10 giant cockroaches
  4 gnoll zombies
  5 goblins
  7 hobgoblins
  6 jackals
  4 quokkas
  2 ball pythons
  3 bats
  10 frilled lizards
  2 goblin zombies (Ossuary)
  2 hobgoblin zombies (Ossuary)
  3 kobolds
  4 kobold zombies (Ossuary)
  2 orc zombies (Ossuary)
  A quokka skeleton (D:6)
  7 rats
165 creatures vanquished.

Vanquished Creatures (others)
  A scorpion zombie (Ossuary)
  A goblin zombie (Ossuary)
2 creatures vanquished.

Grand Total: 167 creatures vanquished

Notes
Turn   | Place    | Note
-------+----------+-------------------------------------------
     0 | D:1      | Meenos the Hill Orc Skald began the quest for the Orb.
     0 | D:1      | Reached XP level 1. HP: 18/18 MP: 3/3
   239 | D:1      | Reached XP level 2. HP: 16/25 MP: 4/4
   718 | D:1      | Reached XP level 3. HP: 21/30 MP: 0/5
   980 | D:2      | Found a shadowy altar of Dithmenos.
  1088 | D:2      | Reached skill level 3 in Fighting
  1339 | D:2      | Learned a level 2 spell: Song of Slaying
  1346 | D:2      | Reached XP level 4. HP: 37/38 MP: 2/6
  1677 | D:2      | Found a runed door.
  1682 | D:2      | Noticed Crazy Yiuf
  1686 | D:2      | Killed Crazy Yiuf
  2330 | D:3      | Reached skill level 4 in Fighting
  2330 | D:3      | Reached XP level 5. HP: 40/46 MP: 5/7
  2469 | D:3      | Reached skill level 5 in Charms
  2484 | D:3      | Reached XP level 6. HP: 25/53 MP: 0/8
  2772 | D:4      | Noticed Frank's ghost (amateur OpFi)
  2780 | D:4      | Killed Frank's ghost
  2780 | D:4      | Reached skill level 5 in Fighting
  2790 | D:4      | Found a sand-covered staircase.
  2808 | Ossuary  | Entered an ossuary
  2838 | Ossuary  | Reached XP level 7. HP: 55/62 MP: 0/9
  2944 | Ossuary  | Reached skill level 6 in Fighting
  3265 | Ossuary  | Reached skill level 7 in Fighting
  3497 | Ossuary  | Reached XP level 8. HP: 50/73 MP: 10/10
  4143 | D:4      | Learned a level 3 spell: Regeneration
  4165 | D:4      | Learned a level 3 spell: Spectral Weapon
  4927 | D:5      | Entered Level 5 of the Dungeon
  4953 | D:5      | Found a glowing golden altar of the Shining One.
  5022 | D:5      | Reached skill level 8 in Fighting
  5452 | D:5      | Found Zin's Purification Station.
  5510 | D:5      | Found a glowing silver altar of Zin.
  5535 | D:5      | Bought a potion of curing for 90 gold pieces
  5601 | D:5      | Found Mecweob's Antique Armour Shop.
  5923 | D:6      | Found a deep blue altar of Sif Muna.
  5936 | D:6      | Found Wuyw's Elemental Accessories.
  5997 | D:6      | Reached skill level 1 in Necromancy
  6081 | D:6      | Reached XP level 9. HP: 68/82 MP: 11/11
  6180 | D:6      | Found a shattered altar of Ashenzari.
  6270 | D:6      | Reached skill level 9 in Fighting
  6400 | D:6      | Found a white marble altar of Elyvilon.
  6678 | D:7      | Found a deep blue altar of Sif Muna.
  6706 | D:7      | Found a staircase to the Ecumenical Temple.
  6715 | Temple   | Entered the Ecumenical Temple
  6855 | Temple   | Became a worshipper of Warmaster Okawaru
  6928 | D:7      | Found Tinowkaill's Jewellery Boutique.
  6945 | D:7      | Reached skill level 1 in Hexes
  7093 | D:7      | Learned a level 2 spell: Shroud of Golubria
  7193 | D:7      | Found a hazy altar of Hepliaklqana.
  7193 | D:7      | Noticed a deep elf mage
  7194 | D:7      | Noticed a deep elf mage
  7209 | D:7      | HP: 2/83 [earth elemental[a deep elf mage] (18)]
  7210 | D:7      | Killed from afar by a battlesphere

Skill      XL: |  1  2  3  4  5  6  7  8  9 |
---------------+----------------------------+-----
Charms         | 3 4 5 6 8 |  8.7
Fighting       | 3 4 5 7 8 9 |  9.3
Necromancy     | 1 |  1.9
Hexes          | 1 |  1.0
Axes           | |  2.6
Armour         | |  1.1
Dodging        | |  1.5
Spellcasting   | |  1.5

Action                   |  1- 3 |  4- 6 |  7- 9 || total
-------------------------+-------+-------+-------++-------
Melee: Hand axe          |    34 |       |       ||    34
       Dagger            |    70 |       |       ||    70
       Whip              |     4 |   108 |   250 ||   362
Throw: Tomahawk          |       |       |     2 ||     2
 Cast: Infusion          |     9 |     9 |    19 ||    37
       Song of Slaying   |       |     2 |     7 ||     9
       Regeneration      |       |       |    12 ||    12
       Spectral Weapon   |       |       |     4 ||     4
  Use: Scroll            |       |       |    10 ||    10
       Potion            |       |       |     4 ||     4
 Stab: Distracted        |       |       |     1 ||     1
  Eat: Chunk             |     2 |     5 |    22 ||    29
       Bread ration      |       |       |     1 ||     1
Armor: Leather armour    |    25 |    37 |    51 ||   113
       Ring mail         |       |       |     8 ||     8
Dodge: Dodged            |    53 |    68 |   138 ||   259
